 Dungeon Crawl Stone Soup version 0.20.1-1-g8b1a95d (webtiles) character file.

926 Lanoc the Covert (level 8, -9/54 HPs)
             Began as an Octopode Monk on Nov 28, 2017.
             Was a Priest of Dithmenos.
             Mangled by a two-headed ogre
             ... wielding a +0 giant spiked club
              (21 damage)
             ... on level 8 of the Dungeon.
             The game lasted 00:14:13 (3556 turns).

Lanoc the Covert (Octopode Monk)                    Turns: 3556, Time: 00:14:13

Health: -9/54      AC:  1    Str: 10    XL:     8   Next: 10%
Magic:  8/8        EV: 17    Int: 13    God:    Dithmenos [***...]
Gold:   295        SH:  0    Dex: 16    Spells: 7/7 levels left

rFire    + . .     SeeInvis .   f - +1 dagger
rCold    x . .     Gourm    .   (no shield)
rNeg     . . .     Faith    .   (helmet restricted)
rPois    .         Spirit   .   (no amulet)
rElec    .         Reflect  .   k - ring of flight
rCorr    .         Harm     .   q - +2 ring of evasion
MR       .....                  y - ring of fire
Stlth    +++++++...             (no ring)
Regen    0.2/turn               (no ring)
MPRegen  0.2/turn               (no ring)
                                (no ring)
                                (no ring)

@: wreathed by umbra
A: almost no armour, stealthy swim, amphibious, 8 rings, constrict 8, camouflage
1, gelatinous body 1
a: Shadow Step, Renounce Religion, Evoke Flight


You were on level 8 of the Dungeon.
You worshipped Dithmenos.
Dithmenos was most pleased with you.
You were hungry.

You visited 1 branch of the dungeon, and saw 6 of its levels.

You collected 295 gold pieces.

Inventory:

Hand Weapons
 f - a +1 dagger (weapon)
 v - the +3 quarterstaff "Gilyazy" {elec, rElec}
   (You found it on level 4 of the Dungeon)

   Occasionally, upon striking a foe, it will discharge some electrical energy
   and cause terrible harm.
   It insulates you from electricity.
Jewellery
 k - a ring of flight (left tentacle)
 q - a +2 ring of evasion (right tentacle)
 y - a ring of fire (on tentacle)
Wands
 p - a wand of lightning (7/15)
 u - a wand of acid (8/15)
Scrolls
 c - 2 scrolls of fear
 r - 2 scrolls of remove curse
 w - a scroll of silence {unknown}
 x - a scroll of enchant armour
 A - a scroll of identify
Potions
 d - a potion of ambrosia {unknown}
 e - a potion of invisibility {unknown}
 g - 3 potions of brilliance
 h - 2 potions of haste
 m - 2 potions of cancellation {unknown}
 n - 2 potions of agility {unknown}
 o - a potion of mutation {unknown}
 s - 2 potions of curing {unknown}
 z - a potion of might {unknown}
Comestibles
 a - 3 royal jellies
 b - 8 bread rations
 j - 4 meat rations
 l - 9 fruits


   Skills:
 + Level 4.0 Fighting
 + Level 5.1 Short Blades
 + Level 4.1 Dodging
 * Level 10.1 Stealth


You had 7 spell levels left.
You didn't know any spells.

Dungeon Overview and Level Annotations

Branches:
Dungeon (5/15)             Temple (0/1) D:4

Altars:
Dithmenos
Fedhas
Gozag
Okawaru
Qazlal
Sif Muna
Xom


Innate Abilities, Weirdness & Mutations

You cannot wear most types of armour.
You are very stealthy in the water. (Stealth+)
You are amphibious.
You can wear up to eight rings at the same time.
You can use your tentacles to constrict eight enemies at once.
Your skin changes colour to match your surroundings (Stealth+).
Your rubbery body absorbs attacks. (AC +1, EV +1)


Message History

The two-headed ogre hits you with a giant spiked club!!
Ouch! That really hurt!
You emit a cloud of dark smoke.
The two-headed ogre misses you. The bullfrog misses you.
Okay, then.
You barely miss the two-headed ogre.
The two-headed ogre is heavily wounded.
The bullfrog closely misses you. The two-headed ogre barely misses you.
The two-headed ogre completely misses you.
You hit the two-headed ogre.
You squeeze the two-headed ogre, but do no damage.
The two-headed ogre is heavily wounded.
You are feeling hungry.
The bullfrog hits you but does no damage.
You hit the two-headed ogre.
The two-headed ogre is heavily wounded.
The bullfrog hits you.
* * * LOW HITPOINT WARNING * * *
The two-headed ogre hits you with a giant spiked club!!
You die...

. #.. ...
# ..
#§#####.#
#§F@Or..#
#######.#
.. .# #


You could see a two-headed ogre, a bullfrog and a rat.

Vanquished Creatures
  Sigmund (D:2)
  A sky beast (D:5)
  An ogre (D:4)
  A bullfrog (D:4)
  A scorpion (D:4)
  A howler monkey (D:5)
  A crimson imp (D:5)
  A hound (D:5)
  An orc priest (D:5)
  An iguana (D:5)
  3 orc wizards (D:5)
  2 worker ants
  Robin (D:2)
  6 adders
  2 oozes
  An adder skeleton (D:4)
  3 worms
  2 dart slugs
  3 leopard geckos (D:2)
  4 orcs
  2 ball pythons
  6 giant cockroaches
  14 goblins
  13 hobgoblins
  5 jackals
  7 kobolds
  7 bats
  10 frilled lizards
  6 rats
  A butterfly (D:5)
108 creatures vanquished.

Notes
Turn   | Place    | Note
-------+----------+-------------------------------------------
     0 | D:1      | Lanoc the Octopode Monk began the quest for the Orb.
     0 | D:1      | Reached XP level 1. HP: 16/16 MP: 1/1
   106 | D:1      | Reached XP level 2. HP: 17/21 MP: 2/2
   204 | D:1      | Reached skill level 3 in Stealth
   321 | D:1      | Reached XP level 3. HP: 16/26 MP: 3/3
   873 | D:2      | Noticed Sigmund
   884 | D:2      | Killed Sigmund
   884 | D:2      | Reached skill level 6 in Stealth
   884 | D:2      | Reached XP level 4. HP: 3/31 MP: 4/4
   884 | D:2      | Reached XP level 5. HP: 4/36 MP: 5/5
  1489 | D:2      | Reached XP level 6. HP: 40/42 MP: 6/6
  1498 | D:2      | Noticed Robin
  1519 | D:2      | Killed Robin
  1620 | D:2      | Found an iron altar of Okawaru.
  1622 | D:2      | Found a shadowy altar of Dithmenos.
  1864 | D:2      | Became a worshipper of Dithmenos the Shadowed
  1864 | D:2      | Reached * piety under Dithmenos
  1864 | D:2      | Reached ** piety under Dithmenos
  2076 | D:3      | Reached skill level 7 in Stealth
  2240 | D:3      | Found a blossoming altar of Fedhas.
  2240 | D:3      | Found a deep blue altar of Sif Muna.
  2300 | D:4      | Got a warped quarterstaff
  2301 | D:4      | Identified the cursed +3 quarterstaff "Gilyazy" {elec, rElec} (You found it on level 4 of the Dungeon)
  2467 | D:4      | Reached XP level 7. HP: 47/47 MP: 7/7
  2658 | D:4      | Found a staircase to the Ecumenical Temple.
  2805 | D:4      | Reached skill level 8 in Stealth
  2922 | D:5      | Entered Level 5 of the Dungeon
  2925 | D:5      | Found a stormy altar of Qazlal.
  2937 | D:5      | Found a shimmering altar of Xom.
  3046 | D:5      | Reached skill level 9 in Stealth
  3297 | D:5      | Reached skill level 5 in Short Blades
  3299 | D:5      | Reached *** piety under Dithmenos
  3337 | D:5      | Found an opulent altar of Gozag.
  3339 | D:5      | Reached skill level 10 in Stealth
  3339 | D:5      | Reached XP level 8. HP: 54/54 MP: 8/8
  3544 | D:5      | You fall through a shaft for 3 floors!
  3544 | D:8      | Noticed a two-headed ogre
  3556 | D:8      | Mangled by a two-headed ogre

Skill      XL: |  1  2  3  4  5  6  7 |
---------------+----------------------+-----
Stealth        | 3 6 7 10 | 10.1
Short Blades   | 4 5 |  5.1
Dodging        | 4 |  4.1
Fighting       | 4 |  4.0

Action                   |  1- 3 |  4- 6 |  7- 9 || total
-------------------------+-------+-------+-------++-------
Melee: Short sword       |     7 |       |       ||     7
       Dagger            |    56 |   108 |    64 ||   228
       Constrict         |    15 |    30 |     9 ||    54
       Tentacles         |    14 |    23 |    11 ||    48
 Abil: Evoke Flight      |       |     1 |       ||     1
Evoke: Wand              |       |       |     1 ||     1
  Use: Scroll            |     3 |     9 |     2 ||    14
       Potion            |       |       |     1 ||     1
 Stab: Sleeping          |    14 |    11 |    13 ||    38
       Distracted        |       |     2 |       ||     2
  Eat: Chunk             |       |     5 |     3 ||     8
Armor: Skin              |       |     2 |     1 ||     3
Dodge: Dodged            |    24 |    62 |    42 ||   128
